Map: Lost and Found LE

Players

Serral - Winner!

  • Race: Zerg Zerg
  • Spawn Location: 1:00

Rogue

  • Race: Zerg Zerg
  • Spawn Location: 7:00

Event: 2018 WCS Global Finals

VOD

Have the link to the VOD?

Description

Time

  • Played on: Nov. 3, 2018, 6:10 p.m.
  • Length: 31:00

All games in this series

Show
View Real Time Build Order
Export as new Build Order

Serral Zerg - Winner!

Build Orders: Hatch First, Lurkers 

Get SALT Encoding   

  12  0:00  Drone  
  13  0:12  Overlord  
  13  0:16  Drone  
  14  0:30  Drone x2  
  16  0:48  Hatchery  
  15  0:51  Drone  
  15  0:55  Drone  
  17  0:58  Drone  
  18  1:09  Extractor  
  17  1:13  Spawning Pool  
  17  1:16  Drone  
  17  1:19  Drone  
  18  1:27  Drone  
  19  1:38  Drone  
  20  1:48  Overlord  
  20  1:59  Queen  
  20  2:00  Queen  
  20  2:01  Drone x2  
  26  2:08  Metabolic Boost  
  26  2:11  Drone x2  
  28  2:21  Drone x2  
  30  2:31  Hatchery  
  30  2:34  Zergling x2  
  31  2:37  Zergling x2  
  31  2:43  Drone  
  32  2:46  Baneling Nest  
  32  2:47  Overlord  
  31  2:54  Drone x2  
  33  3:03  Drone  
  33  3:04  Drone  
  35  3:06  Overlord  
  35  3:08  Drone x2  
  35  3:10  Zergling x4  
  35  3:12  Zergling x2  
  40  3:16  Zergling x2  
  41  3:22  Queen  
  41  3:25  Drone  
  41  3:27  Drone  
  45  3:28  Drone  
  45  3:31  Baneling  
  46  3:36  Evolution Chamber  
  46  3:40  Drone x5  
  50  3:43  Drone  
  50  3:45  Drone  
  50  3:46  Drone  
  53  3:57  Drone x3, Lair  
  53  4:02  Extractor x2  
  54  4:03  Drone x3  
  57  4:12  Zerg Missile Weapons Level 1, Roach Warren  
  57  4:13  Drone x2  
  57  4:16  Overlord  
  58  4:20  Overlord  
  57  4:32  Extractor  
  57  4:35  Drone x8  
  57  4:37  Drone  
  65  4:39  Drone  
  65  4:42  Drone x2  
  65  4:45  Pneumatized Carapace  
  68  4:47  Drone x4  
  68  4:51  Overlord  
  68  4:52  Drone x2  
  74  4:55  Extractor, Glial Reconstitution  
  73  5:01  Drone, Extractor  
  73  5:02  Drone  
  73  5:03  Overseer  
  74  5:08  Overlord  
  74  5:10  Drone x5  
  79  5:17  Hatchery  
  79  5:20  Drone x2  
  80  5:22  Overlord  
  80  5:27  Roach x2  
  80  5:28  Roach  
  86  5:33  Roach x2  
  86  5:35  Overlord  
  90  5:37  Evolution Chamber  
  90  5:38  Overlord  
  90  5:42  Overlord  
  89  5:44  Roach  
  89  5:45  Roach x2  
  89  5:48  Unknown  
  89  5:49  Roach  
  97  5:54  Roach x4  
  105  6:03  Baneling x3  
  105  6:05  Zerg Ground Armor Level 1  
  105  6:09  Roach x7  
  119  6:12  Drone x2  
  121  6:22  Overlord x4  
  121  6:28  Overlord  
  121  6:35  Overlord, Overseer  
  121  6:36  Zerg Missile Weapons Level 2, Queen  
  121  6:37  Roach x2  
  127  6:41  Overlord  
  127  6:42  Overlord  
  127  6:45  Roach x3  
  133  6:48  Ravager x4  
  133  6:51  Roach x3  
  143  6:57  Roach x4  
  150  7:02  Roach x3  
  150  7:07  Overlord  
  156  7:11  Hydralisk Den  
  156  7:13  Queen x2  
  156  7:14  Unknown, Queen  
  161  7:17  Spore Crawler  
  161  7:18  Spore Crawler  
  157  7:25  Overlord  
  159  7:32  Overlord  
  159  7:33  Roach x8  
  175  7:39  Roach x3  
  175  7:40  Roach  
  183  7:47  Roach x5  
  193  8:01  Burrow, Tunneling Claws  
  193  8:02  Extractor  
  192  8:06  Roach x4  
  200  8:18  Overlord  
  200  8:19  Overlord  
  200  8:20  Overseer x2  
  200  8:24  Overseer  
  200  8:30  Spine Crawler  
  200  8:31  Spine Crawler  
  198  8:41  Spine Crawler, Overseer  
  195  8:42  Overseer  
  195  8:45  Roach x2  
  195  8:46  Ravager  
  200  8:57  Muscular Augments  
  200  8:59  Infestation Pit  
  196  9:10  Drone x3  
  196  9:13  Drone  
  196  9:14  Drone  
  199  9:18  Drone  
  199  9:19  Lurker Den  
  199  9:26  Spine Crawler  
  199  9:28  Extractor  
  199  9:30  Drone x3  
  200  9:35  Hatchery  
  200  9:36  Zerg Ground Armor Level 2  
  200  9:37  Hive  
  200  9:38  Drone  
  200  9:45  Roach  
  200  9:52  Overseer  
  200  9:56  Unknown  
  200  9:57  Unknown  
  200  10:04  Roach x11  
  200  10:07  Roach x4  
  200  10:17  Roach x5  
  200  10:18  Roach x3  
  200  10:27  Overlord  
  188  10:37  Roach x4  
  188  10:38  Roach  
  188  10:41  Hydralisk x2  
  188  10:42  Hydralisk x8  
  190  10:43  Roach x6  
  194  10:51  Unknown x10  
  194  10:53  Zerg Missile Weapons Level 3  
  194  10:55  Drone x5  
  194  10:57  Adaptive Talons  
  193  10:58  Overlord, Roach x24  
  193  11:03  Grooved Spines  
  191  11:05  Ravager  
  191  11:06  Ravager x2  
  191  11:07  Lurker x10  
  198  11:14  Overseer  
  196  11:23  Extractor  
  196  11:25  Extractor, Spine Crawler  
  194  11:26  Drone  
  194  11:30  Drone x2  
  194  11:31  Drone  
  198  11:32  Drone  
  198  11:33  Drone x2, Queen  
  196  12:02  Unknown, Viper  
  197  12:29  Hydralisk x7  
  147  12:30  Hydralisk x9, Roach x11  
  147  12:33  Hydralisk x3  
  147  12:34  Hydralisk  
  194  12:44  Spawning Pool, Hydralisk x11  
  192  12:51  Viper x2  
  192  12:56  Zerg Ground Armor Level 3  
  198  13:04  Drone x3, Extractor  
  200  13:07  Overseer  
  200  13:10  Roach  
  200  13:11  Roach x7  
  200  13:17  Unknown x3  
  200  13:23  Unknown  
  200  13:24  Unknown x7  
  200  13:33  Lair  
  200  13:45  Hatchery  
  199  13:48  Roach x19  
  199  13:49  Overseer x2  
  196  14:07  Unknown  
  196  14:10  Unknown  
  196  14:16  Hydralisk x2  
  194  14:18  Overlord x2  
  200  14:33  Lurker x4  
  200  14:40  Overseer  
  200  14:53  Unknown x3  
  200  15:06  Overseer  
  200  15:07  Unknown  
  200  15:22  Hive  
  200  15:28  Overlord, Roach x19  
  200  15:30  Overseer  
  200  15:33  Unknown x4  
  200  15:50  Unknown x6  
  200  15:52  Unknown x2  
  200  15:53  Unknown x2  
  200  16:04  Unknown  
  200  16:05  Unknown  
  200  16:08  Extractor  
  200  16:11  Extractor  
  195  16:35  Viper  
  197  16:44  Overlord  
  197  16:50  Lurker Den  
  197  16:51  Unknown x7  
  197  16:52  Unknown, Hydralisk x2  
  191  17:20  Roach x13  
  187  17:24  Drone x2  
  187  17:25  Drone x2  
  188  17:30  Hydralisk x7  
  188  17:35  Unknown x3  
  188  17:37  Viper x2  
  200  18:05  Overseer  
  199  18:32  Unknown  
  199  18:33  Unknown x2  
  191  18:51  Viper x2  
  197  19:04  Lurker x3  
  199  19:14  Hatchery  
  194  19:25  Drone x11  
  194  19:26  Hydralisk x3  
  194  19:27  Unknown x2  
  194  19:28  Unknown  
  198  19:50  Overlord  
  198  19:52  Drone  
  199  19:53  Drone  
  199  19:59  Unknown  
  200  20:06  Overlord  
  198  20:11  Unknown x2  
  198  20:12  Unknown  
  195  20:20  Overlord  
  195  20:26  Hydralisk x7  
  200  20:35  Overlord x2  
  199  20:41  Extractor  
  199  20:42  Drone x5, Extractor  
  201  20:52  Unknown x4  
  201  20:55  Spine Crawler  
  201  20:56  Spine Crawler x2  
  195  20:57  Roach x13  
  195  20:59  Drone x5  
  193  21:05  Unknown  
  193  21:11  Hydralisk x3  
  193  21:16  Hatchery  
  196  21:19  Lair  
  196  21:21  Lair  
  196  21:24  Hydralisk Den  
  195  21:26  Lurker Den  
  193  21:33  Overseer  
  193  21:38  Drone x3  
  191  21:40  Hydralisk x6  
  187  21:49  Drone x2  
  187  21:50  Extractor, Viper x2  
  187  21:54  Hydralisk x7  
  189  21:56  Unknown x7  
  189  21:57  Unknown  
  189  21:58  Unknown x2  
  198  22:03  Unknown x3  
  198  22:08  Lurker x3  
  182  22:17  Lurker x3  
  179  22:23  Hive  
  179  22:24  Hydralisk  
  179  22:25  Hydralisk x9  
  199  22:40  Overlord  
  199  22:55  Overseer  
  186  23:01  Spine Crawler  
  186  23:04  Spore Crawler  
  173  23:07  Hydralisk x6  
  182  23:14  Overlord, Hydralisk x2  
  182  23:15  Hydralisk x3  
  182  23:18  Drone x2  
  182  23:20  Unknown  
  182  23:24  Overlord x3  
  182  23:26  Overseer  
  182  23:28  Extractor, Overlord  
  182  23:32  Extractor  
  178  23:36  Drone x6  
  180  23:45  Drone x3  
  183  23:51  Lurker x7  
  183  23:53  Lurker  
  191  23:57  Unknown x4, Hydralisk x4  
  191  23:59  Unknown x2  
  191  24:01  Overseer  
  199  24:03  Spore Crawler  
  199  24:04  Unknown  
  199  24:06  Unknown  
  199  24:08  Overlord x2  
  199  24:09  Hatchery  
  197  24:12  Unknown  
  197  24:17  Drone x2  
  199  24:30  Unknown  
  200  24:31  Lurker  
  200  24:36  Unknown x2  
  200  24:41  Spore Crawler  
  200  24:43  Drone  
  201  24:57  Overseer  
  192  25:04  Viper x3  
  196  25:07  Viper  
  199  25:20  Drone x11  
  197  25:24  Hydralisk x2  
  199  25:36  Unknown x2  
  199  25:37  Overlord x3  
  199  25:52  Drone  
  200  26:03  Hatchery  
  199  26:05  Overseer  
  199  26:08  Overlord  
  198  26:16  Overseer  
  196  26:46  Overseer  
  194  26:49  Unknown  
  194  26:51  Hydralisk x4  
  198  27:02  Unknown  
  198  27:08  Hydralisk  
  198  27:16  Hydralisk x2  
  198  27:19  Overseer x2  
  198  27:21  Unknown x2  
  196  27:23  Hydralisk x2  
  196  27:24  Spore Crawler  
  196  27:29  Hydralisk  
  195  27:30  Hydralisk x3  
  197  27:39  Hydralisk  
  199  27:46  Overseer  
  199  27:47  Overseer x2  
  199  27:53  Unknown x3  
  199  28:00  Lurker  
  200  28:18  Unknown  
  200  28:37  Unknown x3  
  200  28:41  Lurker x2  
  200  28:58  Hydralisk x6  
  200  28:59  Hydralisk x2  
  180  29:04  Unknown  
  180  29:06  Hydralisk x6  
  184  29:19  Lurker x3  
  184  29:21  Extractor  
  181  29:24  Lurker  
  181  29:25  Lurker  
  181  29:27  Hatchery  
  179  29:35  Hydralisk x9  
  188  29:40  Overseer  
  188  29:59  Unknown  
  180  30:08  Unknown  
  180  30:09  Unknown  
  180  30:10  Hydralisk x9  
  180  30:12  Queen  
  200  30:15  Hatchery  
  199  30:22  Unknown  
  197  30:29  Hatchery  
Show
View Real Time Build Order
Export as new Build Order

Rogue Zerg 

Build Orders: Hatch First, Lurkers 

Get SALT Encoding   

  12  0:01  Drone  
  13  0:12  Overlord  
  13  0:16  Drone  
  14  0:30  Drone x2  
  16  0:47  Hatchery  
  15  0:50  Drone  
  15  0:53  Drone  
  17  0:57  Drone  
  18  1:08  Extractor  
  17  1:12  Spawning Pool  
  17  1:15  Drone  
  17  1:19  Drone  
  18  1:30  Drone  
  19  1:40  Drone  
  20  1:50  Overlord  
  20  1:59  Queen x2  
  20  2:00  Drone x2  
  26  2:08  Metabolic Boost  
  26  2:11  Drone x2  
  28  2:22  Drone x2  
  30  2:32  Hatchery  
  30  2:35  Drone  
  30  2:36  Drone  
  31  2:43  Baneling Nest  
  31  2:44  Drone  
  31  2:46  Drone  
  32  2:53  Overlord  
  32  3:00  Zergling x2  
  32  3:04  Zergling x2  
  34  3:08  Drone x2  
  34  3:11  Queen  
  39  3:12  Drone  
  39  3:13  Drone x3  
  39  3:18  Overlord  
  42  3:20  Drone  
  42  3:27  Zergling x2  
  44  3:36  Baneling x2  
  44  3:38  Evolution Chamber  
  43  3:42  Drone x8  
  43  3:44  Queen  
  53  3:52  Overlord  
  53  3:53  Drone x2  
  53  3:55  Zergling x2  
  56  3:57  Drone  
  56  4:01  Drone  
  58  4:03  Zerg Missile Weapons Level 1  
  58  4:07  Overlord  
  58  4:11  Drone  
  58  4:12  Drone x4  
  58  4:14  Extractor  
  58  4:15  Extractor  
  61  4:19  Overlord  
  61  4:20  Drone  
  62  4:27  Drone x3  
  62  4:28  Lair  
  64  4:31  Roach Warren  
  64  4:32  Drone x3  
  66  4:44  Drone x6  
  72  4:46  Extractor  
  72  4:47  Extractor  
  70  4:53  Pneumatized Carapace  
  70  4:58  Drone x4  
  70  4:59  Extractor  
  73  5:00  Drone x3, Hatchery  
  73  5:06  Overlord  
  75  5:11  Drone x3  
  78  5:16  Evolution Chamber, Drone  
  78  5:17  Overlord  
  78  5:20  Overlord  
  78  5:26  Glial Reconstitution  
  78  5:30  Overseer x2  
  78  5:38  Hatchery  
  78  5:42  Zerg Ground Armor Level 1, Overlord x2  
  77  5:43  Roach  
  77  5:44  Roach x4  
  77  5:48  Roach  
  77  5:49  Roach x2  
  93  5:53  Roach x2  
  97  5:57  Roach x3  
  97  5:58  Roach  
  105  6:04  Zerg Missile Weapons Level 2  
  105  6:08  Drone x5  
  105  6:09  Drone  
  105  6:10  Drone  
  112  6:14  Drone  
  112  6:15  Spore Crawler  
  112  6:23  Roach x5  
  122  6:30  Overlord  
  122  6:36  Roach x3  
  122  6:37  Overlord x2  
  122  6:38  Overlord  
  128  6:42  Extractor, Overseer  
  128  6:43  Extractor  
  128  6:44  Burrow  
  128  6:45  Tunneling Claws  
  128  6:46  Ravager x2  
  128  6:47  Overlord  
  128  6:51  Drone x2  
  129  6:55  Queen  
  131  7:02  Roach x6  
  131  7:08  Roach x4  
  151  7:09  Ravager x2  
  151  7:15  Ravager x3  
  156  7:20  Roach  
  156  7:21  Roach x4  
  166  7:25  Drone, Hydralisk Den  
  166  7:32  Drone  
  166  7:35  Drone x3  
  166  7:36  Overlord x2  
  170  7:38  Zerg Ground Armor Level 2  
  170  7:50  Overlord x2, Roach x2  
  170  7:51  Overlord, Overseer  
  173  7:59  Drone x2  
  173  8:00  Lurker Den  
  173  8:03  Roach x6  
  173  8:04  Roach  
  189  8:05  Ravager  
  189  8:08  Overlord  
  189  8:12  Roach x2  
  189  8:14  Overlord  
  189  8:15  Ravager  
  189  8:16  Ravager  
  191  8:21  Roach x4  
  191  8:26  Spine Crawler  
  198  8:28  Drone x2, Spine Crawler  
  198  8:29  Spine Crawler  
  198  8:30  Infestation Pit  
  197  8:36  Drone x3  
  197  8:38  Spine Crawler  
  197  8:39  Spine Crawler, Roach x2  
  197  8:40  Spine Crawler  
  197  8:41  Roach  
  197  8:43  Drone x3  
  197  8:46  Overseer  
  198  8:56  Roach x5  
  198  9:03  Roach  
  198  9:06  Hive  
  200  9:13  Overseer  
  196  9:18  Hydralisk  
  196  9:19  Hydralisk x2  
  196  9:20  Drone  
  195  9:25  Overseer  
  195  9:30  Hatchery, Overseer  
  192  9:32  Hydralisk x4  
  192  9:34  Unknown x4, Roach  
  200  9:46  Spore Crawler  
  200  9:47  Spore Crawler  
  200  9:49  Spore Crawler  
  195  9:53  Overseer  
  195  9:56  Roach x21  
  193  10:07  Lurker x6  
  193  10:08  Lurker  
  200  10:26  Extractor  
  198  10:28  Extractor  
  198  10:33  Hydralisk x5  
  198  10:34  Hydralisk x2  
  188  10:37  Hydralisk x4  
  188  10:39  Roach x2  
  188  10:42  Roach x8  
  186  10:43  Roach x3  
  186  10:45  Roach  
  186  10:46  Roach x7  
  186  10:47  Roach x3  
  194  10:50  Roach x2  
  194  10:55  Spine Crawler  
  194  10:57  Adaptive Talons  
  195  10:58  Spine Crawler  
  195  10:59  Zerg Missile Weapons Level 3, Zerg Ground Armor Level 3  
  195  11:02  Drone x3  
  195  11:03  Drone  
  195  11:06  Nydus Network  
  195  11:07  Drone x3  
  195  11:10  Roach x22  
  191  11:17  Unknown x2  
  191  11:18  Lurker x4  
  193  11:29  Roach x6  
  193  11:32  Lurker x3  
  184  11:34  Overseer  
  184  11:36  Hatchery  
  183  11:40  Roach x5  
  183  11:41  Roach  
  183  11:42  Roach  
  183  11:46  Drone  
  192  11:49  Roach x4  
  182  11:57  Hydralisk x3  
  182  12:01  Nydus Canal  
  178  12:07  Hydralisk x6  
  188  12:09  Roach  
  188  12:10  Roach  
  188  12:11  Roach  
  188  12:12  Roach  
  188  12:14  Roach x2  
  200  12:26  Roach x2  
  200  12:27  Roach x2  
  200  12:28  Roach  
  188  12:33  Hydralisk x6  
  188  12:36  Roach  
  185  12:43  Roach x2  
  185  12:44  Roach x2  
  173  12:54  Roach  
  173  12:55  Roach  
  169  12:58  Drone  
  169  12:59  Drone x9  
  169  13:00  Drone  
  169  13:01  Drone  
  169  13:02  Overseer  
  169  13:05  Lurker x2  
  183  13:06  Lurker  
  183  13:11  Grooved Spines  
  184  13:18  Overlord x2  
  184  13:19  Overlord  
  184  13:27  Overlord  
  184  13:32  Spore Crawler  
  184  13:33  Overlord  
  183  13:34  Spore Crawler  
  183  13:35  Spore Crawler, Roach x18  
  183  13:39  Lurker x3  
  183  13:40  Lurker x3  
  187  13:49  Hydralisk  
  187  13:50  Hydralisk x3  
  187  13:53  Overlord  
  195  13:56  Roach x4  
  195  13:58  Roach x7  
  193  14:04  Unknown x4  
  193  14:07  Hydralisk  
  193  14:08  Hydralisk x3  
  191  14:17  Roach  
  191  14:22  Lurker x2  
  191  14:23  Hydralisk x6, Muscular Augments  
  199  14:28  Overseer  
  183  14:31  Drone x3  
  183  14:32  Drone x2  
  183  14:33  Drone, Extractor  
  188  14:41  Hydralisk x6  
  200  14:45  Unknown x2  
  200  14:46  Unknown x2  
  200  14:48  Unknown x4  
  200  14:57  Unknown  
  200  14:58  Nydus Canal  
  200  15:00  Unknown x2  
  200  15:01  Unknown x2  
  200  15:08  Extractor  
  199  15:28  Roach x5  
  199  15:30  Lurker  
  199  15:34  Unknown  
  200  15:45  Unknown x3  
  200  15:47  Unknown x4  
  198  15:50  Overlord  
  198  15:52  Hydralisk x20  
  196  15:57  Roach x4  
  196  16:01  Overlord  
  196  16:08  Unknown x5  
  196  16:12  Nydus Canal  
  196  16:21  Lurker x2  
  196  16:22  Lurker x2  
  200  16:31  Viper x3, Overseer  
  200  16:35  Hydralisk x19  
  200  16:43  Roach x4  
  200  16:46  Nydus Canal  
  200  16:48  Unknown  
  200  16:49  Unknown, Hatchery  
  200  16:50  Spine Crawler  
  200  16:52  Spine Crawler x2  
  200  16:54  Roach x2  
  194  17:00  Roach x2  
  198  17:14  Roach  
  200  17:19  Roach x4  
  197  17:23  Lurker x2, Spine Crawler x2  
  188  17:33  Hydralisk x6  
  200  17:41  Extractor  
  200  17:42  Roach x4  
  199  17:44  Lurker, Extractor, Unknown  
  199  17:45  Lurker, Unknown  
  200  17:56  Unknown x7  
  200  17:57  Unknown x3  
  200  18:03  Nydus Canal  
  200  18:05  Overseer  
  198  18:19  Unknown  
  194  18:23  Unknown x3  
  194  18:26  Lurker x2  
  194  18:27  Lurker x2, Hydralisk  
  190  18:48  Roach  
  190  18:50  Viper x4  
  190  18:53  Spine Crawler  
  195  18:56  Spore Crawler  
  195  19:01  Hydralisk x3  
  194  19:04  Hydralisk x3  
  198  19:21  Hydralisk  
  197  19:38  Lurker x2  
  196  19:39  Hatchery  
  196  19:42  Nydus Canal  
  196  19:44  Hydralisk  
  196  19:45  Hydralisk x4  
  200  19:48  Overseer  
  200  19:52  Unknown x5  
  196  20:08  Spore Crawler  
  196  20:09  Hydralisk x2  
  196  20:13  Roach x3  
  199  20:14  Nydus Canal  
  199  20:17  Spore Crawler  
  190  20:37  Hydralisk x5  
  190  20:38  Unknown x3  
  190  20:42  Lurker x2  
  196  20:57  Lurker  
  196  20:58  Lurker x3  
  194  21:11  Overseer x4  
  194  21:28  Hydralisk  
  194  21:29  Hydralisk x2  
  200  21:35  Spine Crawler  
  200  21:36  Spine Crawler x2, Hydralisk  
  170  21:50  Hydralisk  
  170  21:51  Hydralisk x14  
  170  21:52  Hydralisk  
  170  21:53  Hydralisk x3  
  200  21:56  Drone x17  
  200  21:57  Hydralisk  
  200  22:01  Spore Crawler, Spine Crawler  
  199  22:04  Hydralisk  
  199  22:06  Overseer x4  
  200  22:10  Lurker, Spine Crawler x3  
  200  22:12  Spine Crawler  
  188  22:18  Roach x6  
  200  22:43  Overseer  
  200  22:49  Spine Crawler  
  200  22:50  Spore Crawler  
  187  23:01  Hydralisk  
  187  23:02  Hydralisk x9  
  182  23:06  Roach x9  
  182  23:07  Unknown x4  
  188  23:14  Unknown x5  
  188  23:16  Hydralisk  
  188  23:17  Hydralisk x9  
  188  23:18  Queen  
  177  23:29  Overlord x3  
  177  23:30  Unknown x5, Overseer x4  
  177  23:38  Hatchery  
  177  23:39  Overlord  
  175  23:43  Overlord x2  
  175  23:47  Lurker  
  170  23:48  Lurker x2  
  170  23:49  Lurker x6  
  170  23:53  Unknown x3  
  178  23:57  Queen  
  180  24:03  Unknown  
  180  24:04  Drone x5  
  180  24:05  Drone x8  
  180  24:08  Lurker x5  
  198  24:14  Overseer  
  198  24:15  Overseer  
  198  24:21  Hydralisk  
  200  24:28  Roach x13  
  200  24:31  Unknown x2  
  200  24:33  Extractor  
  200  24:35  Unknown  
  200  24:36  Extractor  
  198  24:48  Overlord  
  198  24:49  Overlord  
  186  25:03  Hydralisk x5  
  186  25:05  Overlord  
  186  25:06  Overlord x2  
  180  25:11  Lurker x5  
  185  25:15  Roach  
  185  25:16  Roach  
  185  25:19  Roach  
  191  25:26  Drone, Roach x2  
  184  25:29  Drone  
  184  25:30  Drone x2  
  184  25:33  Spine Crawler x2  
  184  25:34  Drone x3  
  184  25:35  Spine Crawler  
  181  25:40  Hydralisk x4  
  189  25:58  Roach  
  189  25:59  Roach x4  
  189  26:02  Roach x2  
  189  26:04  Spine Crawler  
  195  26:05  Spore Crawler, Roach x22  
  195  26:08  Spore Crawler, Overseer  
  195  26:09  Overseer x2  
  193  26:20  Unknown x6  
  189  26:25  Unknown  
  189  26:26  Unknown x2  
  189  26:30  Hatchery  
  186  26:39  Hydralisk x7  
  183  26:54  Hydralisk  
  183  26:55  Hydralisk x6  
  183  26:59  Hatchery  
  194  27:06  Hydralisk  
  194  27:07  Hydralisk x2  
  194  27:08  Zergling x32  
  180  27:09  Zergling x8  
  180  27:10  Overlord x2  
  180  27:13  Roach x4  
  184  27:16  Hatchery  
  160  27:28  Hydralisk x3  
  160  27:29  Unknown x2, Hydralisk, Zergling x2  
  145  27:30  Zergling x24  
  149  27:41  Roach x6  
  159  28:01  Unknown  
  159  28:02  Unknown x4  
  159  28:05  Roach x4  
  168  28:06  Unknown x2, Roach x5  
  178  28:17  Overlord  
  178  28:25  Roach x8  
  178  28:26  Overlord  
  183  28:27  Unknown x3  
  182  28:38  Hatchery  
  181  28:45  Roach x6  
  181  28:46  Overlord  
  192  28:48  Unknown x2  
  185  28:56  Unknown x2  
  149  29:04  Hydralisk x5  
  147  29:25  Roach x7  
  149  29:43  Roach x3  
  149  29:44  Roach x2  
  149  29:45  Overlord  
  159  29:56  Unknown x3  
  159  29:57  Unknown x2, Overseer  
  153  30:02  Zergling x2, Roach x2  
  153  30:03  Zergling x24  
  145  30:20  Roach x4  
  153  30:25  Roach x2  
  142  30:30  Unknown  
  142  30:33  Unknown x2  
  142  30:34  Unknown  
  142  30:36  Roach  
  142  30:37  Roach x2  
  142  30:38  Zergling x10  
  148  30:44  Unknown x3  
  148  30:45  Unknown  
Tags
 
Add a new tag
Caveats
  • Supply blocks, unpowered buildings, or Contaminate may cause inaccurate times.
  • Supply counts are checked every 10 seconds.